 Dungeon Crawl Stone Soup version 0.28-a0-984-g3775c662fe (webtiles) character file.

Game seed: 1195099814485768746

16 fragbeetle the Skirmisher (level 2, -5/19 HPs)
             Began as a Gargoyle Fighter on Dec 3, 2021.
             Killed by an exploding necrophage (24 damage)
             ... ignited by their inner flame
             ... on level 4 of the Dungeon.
             The game lasted 00:02:03 (530 turns).

fragbeetle the Skirmisher (Gargoyle Fighter)         Turns: 530, Time: 00:02:06

Health: -5/19      AC: 10    Str: 19    XL:     2   Next: 54%
Magic:  2/2        EV:  9    Int:  8    God:
Gold:   20         SH:  4    Dex:  9    Spells: 1/1 levels left

rFire   . . .      SeeInvis .   a - +0 flail
rCold   . . .      Faith    .   c - +0 buckler
rNeg    + . .      Spirit   .   b - +0 scale mail
rPois   ∞          Reflect  .   (no helmet)
rElec   +          Harm     .   (no cloak)
rCorr   +          Rampage  .   (no gloves)
Will    .....                   g - +0 pair of boots
Stlth   ..........              (no amulet)
HPRegen 0.06/turn               e - ring of resist corrosion
MPRegen 0.08/turn               (no ring)

@: weak-willed
A: sickness immunity, AC +2, negative energy resistance 1, electricity
resistance, torment resistance 1, petrification resistance
a: no special abilities


You were on level 4 of the Dungeon.
You visited 1 branch of the dungeon, and saw 3 of its levels.

You collected 20 gold pieces.

Inventory:

Hand Weapons
 a - a +0 flail (weapon)
Armour
 b - a +0 scale mail (worn)
 c - a +0 buckler (worn)
 g - a +0 pair of boots (worn)
Jewellery
 e - a ring of resist corrosion (left hand)
Scrolls
 i - a scroll of teleportation {unknown}
 j - a scroll of blinking {unknown}
 l - a scroll of noise {unknown}
Potions
 d - a potion of might
 k - a potion of invisibility {unknown}


   Skills:
 + Level 3.5 Fighting
 + Level 2.3 Maces & Flails
 + Level 3.4 Armour
 + Level 3.5 Shields


You had one spell level left.
You didn't know any spells.
Your spell library was empty.

Dungeon Overview and Level Annotations

Branches:
Dungeon (2/15)

Altars:


Innate Abilities, Weirdness & Mutations

You are immune to sickness and miasma.
Your stone body is resilient. (AC +2)
You are immune to poison.
You resist negative energy. (rN+)
You are resistant to electric shocks. (rElec)
You are resistant to unholy torment.
You are immune to petrification.


Message History

A ball python comes into view.
The ball python hisses angrily.
You hear a shout!
You closely miss the ball python. You block the ball python's attack.
The ball python closely misses you.
A kobold comes into view. It is wielding a +0 dagger.
You block the ball python's attack. The ball python closely misses you.
You closely miss the ball python. The ball python bites you.
The ball python grabs you. The ball python constricts you.
You escape the ball python's grasp.
A necrophage comes into view.
You hit the ball python.
You kill the ball python!
The kobold hits you but does no damage.
You hit the kobold.
You kill the kobold!
Found an encrusted onyx ring.
You see here a ring of ice.
Found a scroll labelled OSOKUK SUASY.
A worm comes into view.
As you read the scroll labelled GELINOETEST, it crumbles to dust.
Magic quickly surges around you.
It was a scroll of vulnerability.
As you read the scroll labelled PYANKU BIQOYCO, it crumbles to dust.
The creatures around you are filled with an inner flame!
It was a scroll of immolation.
You sock the necrophage!
Flame seeps out of the necrophage.
The necrophage is moderately damaged.
The necrophage is engulfed in blazing flames.
Flame seeps out of the necrophage.
The necrophage closely misses you.
You hit the necrophage but do no damage.
The necrophage is severely damaged.
The necrophage is engulfed in blazing flames.
Flame seeps out of the necrophage.
The necrophage hits you. The worm bites you but does no damage.
You hit the necrophage but do no damage.
The necrophage is almost destroyed.
The necrophage is engulfed in blazing flames.
The necrophage explodes!
The fiery explosion engulfs the worm!!
The fiery explosion engulfs you!!
Ouch! That really hurt!
You die...

#### #..# #..#
#### #..#
##...# #..#
......##..#
.......#@§#
.......§°.# #
.......§§§# ..
..........#
##..#
.......#..#
#...#
.....###..##..#
..### #...?.#
########....##
.........###


There were no monsters in sight!

Vanquished Creatures
  A necrophage (D:4)
  A worm (D:4)
  A dart slug (D:1)
  An endoplasm (D:1)
  6 giant cockroaches (D:1)
  A hobgoblin (D:1)
  A ball python (D:4)
  A frilled lizard (D:1)
  A kobold (D:4)
14 creatures vanquished.

Notes
Turn   | Place    | Note
-------+----------+-------------------------------------------
     0 | D:1      | fragbeetle the Gargoyle Fighter began the quest for the
                  | Orb.
     0 | D:1      | Reached XP level 1. HP: 14/14 MP: 1/1
    76 | D:1      | Reached XP level 2. HP: 19/19 MP: 2/2
   458 | D:2      | You fall into a shaft and drop 2 floors!
   481 | D:4      | Noticed a necrophage
   530 | D:4      | Killed a necrophage
   530 | D:4      | Killed by an exploding necrophage... ignited by their inner
                  | flame

Illustrated notes

Levels and vault maps discovered:
D:1:      roderic_octagonal_star, layout_loops_corners, grunt_decor_cap,
          minivault_24, palyth_stone_intersect, minmay_worlds_worst_comb
D:2:      layout_basic, serial_shops, nicolae_shop_competitors_out_of_business
D:4:      layout_cave_pods, minmay_temple_entry_proselytizer,
          ebering_ghost_inner_flame, minmay_misc_feat_five, minmay_misc_feat_x,
          st_stairs_5, hangedman_decor_growths, minmay_puff

Action                   || total
-------------------------++-------
Melee: Flail             ||    37
  Use: Scroll            ||     2
Armor: Scale mail        ||    23
Dodge: Dodged            ||    13
Block: Buckler           ||     6

Table legend: (Time is in decaauts)
 A = Elapsed time spent in this place.
 B = Non-inter-level travel time spent in this place.
 C = Inter-level travel time spent in this place.
 D = Time resting spent in this place.
 E = Time spent auto-exploring this place.
 F = Levels seen in this place.
 G = Mean time per level.
                   A        B        C        D        E       F      G
               +--------+--------+--------+--------+--------+-----+--------+
         Total |    539 |    539 |      0 |      0 |    277 |   3 |  179.7 |
       Dungeon |    539 |    539 |      0 |      0 |    277 |   3 |  179.7 |
               +--------+--------+--------+--------+--------+-----+--------+

Top non-repeatable levels by time:
     D:1: 466 daAuts
     D:4: 73 daAuts
